 Dungeon Crawl Stone Soup version 0.21-a0-142-gdd972a7 (webtiles) character file.

67 Chiseanne the Shooter (level 3, 0/27 HPs)
             Began as a Demonspawn Wanderer on July 22, 2017.
             Killed from afar by Sigmund (5 damage)
             ... with a puff of flame
             ... on level 3 of the Dungeon.
             The game lasted 00:03:30 (1467 turns).

Chiseanne the Shooter (Demonspawn Wanderer)         Turns: 1467, Time: 00:03:31

Health: 0/27       AC:  5    Str: 18    XL:     3   Next: 98%
Magic:  0/3        EV: 11    Int: 11    God:
Gold:   149        SH:  0    Dex: 14    Spells: 2/2 levels left

rFire    . . .     SeeInvis .   a - +2 shortbow
rCold    . . .     Gourm    .   (shield currently unavailable)
rNeg     . . .     Faith    .   c - +0 ring mail
rPois    .         Spirit   +   (no helmet)
rElec    .         Reflect  .   (no cloak)
rCorr    .         Harm     .   (no gloves)
MR       .....                  (no boots)
Stlth    +.........             v - amulet of magic regeneration
HPRegen  0.09/turn              (no ring)
MPRegen  0.33/turn              (no ring)

@: mighty
A: magic shield
a: no special abilities


You were on level 3 of the Dungeon.
You were not hungry.

You visited 1 branch of the dungeon, and saw 3 of its levels.

You collected 149 gold pieces.

Inventory:

Hand Weapons
 a - a +2 shortbow (weapon)
 d - a +0 mace
 h - a +0 dagger
 l - a +0 whip
Missiles
 b - 96 arrows (quivered)
 e - 22 bolts
 n - 66 stones
Armour
 c - a +0 ring mail (worn)
 i - a +0 buckler
Jewellery
 v - an amulet of magic regeneration (around neck)
Scrolls
 g - 3 scrolls of enchant weapon {unknown}
 m - 4 scrolls of teleportation {unknown}
 p - a scroll of recharging {unknown}
 r - 2 scrolls of identify {unknown}
 s - 2 scrolls of remove curse {unknown}
 y - a scroll of noise {unknown}
Potions
 k - a potion of curing {unknown}
 o - a potion of might
 q - a potion of haste {unknown}
 t - a potion of agility {unknown}
 u - a potion of flight {unknown}
 z - a potion of mutation {unknown}
Comestibles
 f - 2 bread rations
 j - a royal jelly
 x - 4 fruits


   Skills:
 * Level 2.2 Fighting
 - Level 1.7 Maces & Flails
 - Level 3.6 Bows
 * Level 2.1 Armour
 * Level 1.7 Dodging
 - Level 1.0 Stealth
   Level 1.0 Evocations


You had 2 spell levels left.
You didn't know any spells.

Dungeon Overview and Level Annotations

Branches:
Dungeon (3/15)

Altars:

Annotations:
D:3 Ijyb, Sigmund


Innate Abilities, Weirdness & Mutations

When hurt, damage is shared between your health and your magic reserves.


Message History

Sigmund casts a spell at you. You resist with significant effort.
Ijyb the Twisted Goblin comes into view.
Firing (i - inventory. (,) - cycle):
b - 97 arrows (quivered)
Press: ? - help, Shift-Dir - straight line, f/p - Sigmund
Aim: Sigmund, wielding a scythe and wearing a robe (severely wounded)
You shoot an arrow. The arrow completely misses Sigmund.
Ijyb shouts!
Ijyb zaps a wand.
The bolt of lightning hits you!
* * * LOW HITPOINT WARNING * * *
It is a wand of lightning (?/15).
Sigmund screams, "Don't try to resist!"
Okay, then.
It was a potion of might.
You feel very mighty all of a sudden.
Sigmund breathes a few words.
Sigmund's hands start flickering wildly.
Sigmund casts a spell at you. The puff of flame hits you!
You die...

#.#.........
#.#.########
#.#.#.....#
#.#.#.###.#####
#.#.#.###.....#
#.#.#....####.#
#.....≈≈≈≈≈.#.#
.########.##≈###≈.#.#
.........@##≈≈≈≈≈.#.#
.########.##≈≈#≈≈.#.#
#.##≈≈#≈≈.#.#
#@#.≈≈#≈≈.#.#
..........≈≈≈≈≈.#.#
........##≈###≈.#.#
........##≈≈≈≈≈.#.#
...(....#######.#.#
g........ #.....#.#


You could see Sigmund.

Vanquished Creatures
  2 adders
  2 leopard geckos (D:2)
  10 bats
  4 giant cockroaches
  5 goblins
  3 hobgoblins
  3 jackals (D:2)
  A quokka (D:3)
  A ball python (D:2)
  4 frilled lizards
  5 kobolds
  7 rats
47 creatures vanquished.

Notes
Turn   | Place    | Note
-------+----------+-------------------------------------------
     0 | D:1      | Chiseanne the Demonspawn Wanderer began the quest for the Orb.
     0 | D:1      | Chiseanne set off with: a +2 shortbow, 29 arrows, a +0 ring mail, a +0 mace, a bread ration
     0 | D:1      | Reached XP level 1. HP: 15/15 MP: 1/1
   175 | D:1      | Gained mutation: When hurt, damage is shared between your health and your magic reserves. [demonic ancestry]
   175 | D:1      | Reached XP level 2. HP: 21/21 MP: 2/2
   613 | D:1      | Reached skill level 1 in Dodging
   842 | D:2      | Reached XP level 3. HP: 27/27 MP: 3/3
  1457 | D:3      | Noticed Sigmund
  1463 | D:3      | Noticed Ijyb
  1467 | D:3      | Killed from afar by Sigmund

Vault maps used:
D:1:      lightli_arrival_noodles
D:2:      first_bread
D:3:      minmay_crystal_water, uniq_terence, uniq_ijyb, uniq_sigmund

Skill      XL: |  1  2  3 |
---------------+----------+-----
Dodging        | 1 |  1.7
Armour         | 2 |  2.1
Fighting       | 2 |  2.2
Maces & Flails | |  1.7
Bows           | |  3.6
Stealth        | |  1.0
Evocations     | |  1.0

Action                   || total
-------------------------++-------
 Fire: Shortbow          ||   122
  Use: Potion            ||     1
  Eat: Chunk             ||     2
Armor: Ring mail         ||    21
Dodge: Dodged            ||    24
